Map: Tourmaline LE

Players

PetitHomme - Winner!

  • Race: Terran Terran
  • League: Diamond
  • Spawn Location: 1:00

HoldTheDoor

  • Race: Protoss Protoss
  • League: Diamond
  • Spawn Location: 7:00

VOD

Have the link to the VOD?

Description

Time

  • Played on: May 18, 2026, 1:29 p.m.
  • Length: 11:53
Show
View Real Time Build Order
Export as new Build Order

PetitHomme Terran - Winner!

Build Orders:  

Get SALT Encoding   

  12  0:01  SCV  
  13  0:13  SCV  
  14  0:18  Supply Depot  
  14  0:25  SCV  
  15  0:39  SCV  
  15  0:40  Barracks  
  16  0:45  Refinery  
  16  0:51  SCV  
  17  1:03  SCV  
  18  1:15  SCV  
  19  1:28  Supply Depot  
  19  1:29  Orbital Command  
  19  1:31  Barracks Tech Lab  
  19  1:50  Barracks  
  19  1:55  SCV  
  19  1:59  Refinery  
  19  2:00  Stimpack  
  19  2:01  Marine  
  20  2:07  SCV  
  22  2:19  SCV  
  22  2:21  Marine  
  24  2:32  SCV  
  24  2:35  Command Center  
  25  2:39  Factory  
  25  2:44  Marine  
  26  2:45  Marine  
  27  2:52  Supply Depot  
  27  2:55  SCV  
  28  3:01  Marine  
  28  3:05  Marine  
  30  3:09  Engineering Bay  
  30  3:11  SCV  
  31  3:23  SCV  
  31  3:24  Starport  
  31  3:25  Factory Reactor  
  32  3:28  Marine  
  33  3:37  Terran Infantry Weapons Level 1  
  33  3:41  Supply Depot  
  33  3:43  Marine  
  34  3:55  Bunker  
  34  3:58  Marine  
  34  3:59  SCV  
  34  4:01  Marine  
  37  4:04  Combat Shield  
  37  4:14  Medivac x2  
  41  4:18  Marine  
  41  4:23  Orbital Command  
  42  4:25  Missile Turret  
  42  4:28  Factory Tech Lab  
  42  4:30  SCV  
  43  4:41  Marine  
  43  4:42  Marine, SCV  
  46  4:51  Missile Turret  
  47  4:52  SCV  
  47  4:54  SCV  
  47  4:58  Siege Tank  
  47  4:59  Marine x2  
  53  5:17  Marine x2  
  55  5:23  Medivac x2  
  55  5:26  SCV x2  
  61  5:32  Supply Depot  
  61  5:34  Supply Depot  
  61  5:35  Marine  
  62  5:43  Refinery  
  62  5:49  Terran Infantry Armor Level 1  
  62  5:54  Marine x2, SCV x2  
  66  6:11  Marine  
  61  6:40  Marine x2  
  61  6:41  SCV x2  
  61  6:43  Siege Tank  
  68  6:49  Barracks  
  68  6:50  Barracks  
  68  6:53  SCV x2  
  70  6:56  Armory  
  70  6:57  Command Center  
  70  6:58  Marine  
  70  6:59  Medivac x2  
  70  7:00  Engineering Bay  
  75  7:05  SCV x2  
  77  7:14  Supply Depot  
  77  7:15  Supply Depot  
  77  7:17  SCV  
  77  7:20  SCV, Marauder  
  77  7:21  Supply Depot  
  81  7:23  Siege Tank  
  81  7:24  Barracks Reactor  
  81  7:29  SCV  
  85  7:32  Supply Depot  
  85  7:33  Refinery  
  85  7:37  Marine x2  
  85  7:41  Marine  
  85  7:42  Medivac  
  85  7:44  Barracks  
  90  7:50  Terran Infantry Weapons Level 2  
  90  7:56  Supply Depot  
  92  7:59  Marine  
  93  8:06  Barracks Tech Lab  
  93  8:07  Barracks Tech Lab  
  93  8:11  Siege Tank  
  94  8:13  SCV x2  
  94  8:16  Marine  
  97  8:25  SCV x2  
  101  8:27  Marauder x2  
  101  8:28  Marine x2  
  105  8:39  Supply Depot  
  105  8:40  Terran Infantry Armor Level 2  
  105  8:42  Missile Turret  
  105  8:43  Barracks Reactor  
  105  8:45  Barracks  
  105  8:46  Barracks  
  109  8:48  Marauder x2, Marine x2  
  109  8:49  Marine  
  109  8:51  Orbital Command  
  112  8:57  Supply Depot  
  112  9:06  Marine x2  
  112  9:07  Marauder  
  112  9:09  Marine  
  119  9:10  Marauder, Concussive Shells  
  119  9:20  Supply Depot  
  119  9:24  Marine x2  
  119  9:25  SCV x2, Refinery  
  119  9:27  SCV  
  119  9:28  Marauder x2  
  119  9:29  Marine x2  
  130  9:37  Liberator x2  
  136  9:39  Marine x2  
  136  9:40  SCV  
  136  9:42  SCV  
  136  9:43  SCV, Supply Depot  
  141  9:49  Marine, Marauder  
  141  9:50  Marauder  
  146  9:56  Marine x3, Marauder  
  146  10:12  Marine x2, Marauder x2  
  138  10:20  Marine x2, Marauder  
  138  10:21  Marine x2  
  129  10:30  Marine x2  
  129  10:33  Marine  
  129  10:34  Marauder  
  127  10:38  Marine x3  
  127  10:39  Marine  
  127  10:42  Marauder  
  127  10:44  SCV x3, Viking  
  127  10:48  Marine x2  
  131  10:52  Marauder  
  131  10:54  Marine  
  131  10:56  SCV x3, Marine x4  
  139  10:57  Viking  
  139  11:03  Marine  
  142  11:06  Marine x2  
  142  11:08  SCV x3  
  147  11:14  Viking  
  149  11:22  Marine x2, Marauder  
  149  11:23  Marauder, Marine x2  
  154  11:32  Marine x2  
  153  11:33  Marine  
Show
View Real Time Build Order
Export as new Build Order

HoldTheDoor Protoss 

Build Orders: 1 Gate Expand 

Get SALT Encoding   

  12  0:00  Probe  
  13  0:12  Probe  
  14  0:17  Pylon  
  14  0:25  Probe  
  15  0:36  Probe  
  15  0:40  Gateway  
  16  0:44  Probe  
  17  0:50  Assimilator  
  17  0:52  Probe  
  18  1:03  Probe  
  19  1:24  Nexus  
  19  1:33  Cybernetics Core  
  19  1:37  Probe  
  20  1:45  Pylon  
  20  1:49  Probe  
  20  1:53  Assimilator  
  21  1:57  Pylon  
  21  2:03  Probe, Adept  
  24  2:16  Warp Gate  
  24  2:17  Probe  
  25  2:22  Shield Battery  
  25  2:29  Probe  
  26  2:36  Sentry  
  28  2:39  Probe  
  28  2:41  Probe  
  30  2:51  Probe  
  30  2:53  Probe  
  32  3:00  Shield Battery  
  32  3:03  Probe  
  33  3:09  Probe  
  34  3:15  Stargate, Probe  
  34  3:18  Gateway  
  35  3:23  Probe, Gateway  
  36  3:27  Probe  
  37  3:35  Probe  
  37  3:39  Probe  
  39  3:49  Probe  
  39  3:51  Robotics Facility  
  40  3:55  Pylon, Probe  
  40  3:58  Assimilator  
  40  4:00  Phoenix  
  43  4:07  Pylon  
  43  4:09  Probe x2  
  45  4:15  Zealot x2  
  49  4:21  Probe  
  49  4:22  Twilight Council  
  50  4:24  Probe, Pylon  
  50  4:29  Immortal  
  50  4:30  Phoenix  
  53  4:33  Probe  
  53  4:36  Probe  
  55  4:45  Probe  
  60  4:46  Forge  
  60  4:49  Pylon  
  60  4:50  Probe  
  61  4:55  Pylon  
  61  4:56  Sentry  
  61  4:59  Zealot  
  65  5:01  Zealot  
  67  5:07  Assimilator  
  67  5:10  Pylon  
  67  5:11  Probe  
  68  5:14  Charge, Observer  
  69  5:22  Protoss Ground Weapons Level 1  
  69  5:23  Zealot x3  
  69  5:25  Probe  
  76  5:31  Gateway  
  76  5:32  Pylon  
  76  5:39  Probe  
  76  5:41  Probe  
  78  5:48  Immortal  
  82  5:57  Fleet Beacon, Probe  
  82  5:58  Probe  
  82  6:26  Pylon  
  79  6:35  Immortal  
  81  6:41  Stalker x4  
  89  6:51  Photon Cannon  
  89  6:55  Pylon  
  89  7:06  Probe  
  90  7:15  Stalker  
  90  7:16  Stalker x2  
  96  7:27  Probe x2  
  98  7:40  Protoss Ground Armor Level 1  
  98  7:41  Nexus  
  98  7:44  Photon Cannon  
  98  7:45  Pylon  
  98  7:48  Sentry x3  
  104  7:53  Probe x2  
  106  8:05  Probe  
  107  8:18  Gateway  
  107  8:20  Probe  
  108  8:27  Probe  
  108  8:31  Photon Cannon  
  109  8:35  Zealot x2  
  109  8:36  Zealot  
  115  8:42  Gateway  
  115  8:44  Photon Cannon  
  115  8:47  Photon Cannon  
  115  8:50  Robotics Bay, Photon Cannon  
  115  8:53  Pylon  
  115  8:56  Carrier  
  121  9:02  Photon Cannon  
  121  9:05  Pylon  
  121  9:06  Probe  
  121  9:08  Probe  
  121  9:09  Probe  
  124  9:19  Assimilator  
  124  9:22  Assimilator  
  124  9:25  Templar Archives  
  124  9:28  Colossus  
  124  9:31  Photon Cannon  
  124  9:32  Pylon  
  124  9:41  Blink  
  130  9:53  Zealot x5  
  110  10:14  Zealot  
  110  10:15  Zealot  
  110  10:16  Zealot x4  
  66  10:44  Zealot x4  
  66  10:45  Zealot x2  
  78  10:55  Tempest  
  78  10:56  Immortal  
  82  10:59  Pylon  
  82  11:02  Pylon  
  82  11:03  Pylon  
  82  11:05  Pylon  
  86  11:12  Zealot  
  86  11:13  Zealot x5  
  72  11:30  Zealot x2  
  72  11:31  Zealot x4  
Tags
 
Add a new tag
Caveats
  • Supply blocks, unpowered buildings, or Contaminate may cause inaccurate times.
  • Supply counts are checked every 10 seconds.